 Dungeon Crawl Stone Soup version 0.31.0-32-g396128a36d (webtiles) character file.

Game seed: 6922589140712708798

186 Elsvaer the Conjurer (level 5, -3/28 HPs)
             Began as a Deep Elf Conjurer on Apr 1, 2024.
             Was an Initiate of Vehumet.
             Slain by a gnoll
             ... wielding a +0 halberd
             ... led by a gnoll bouda
              (7 damage)
             ... on level 4 of the Dungeon.
             The game lasted 00:04:12 (3612 turns).

Elsvaer the Conjurer (Deep Elf Conjurer)            Turns: 3612, Time: 00:04:13

Health: -3/28      AC:  3    Str:  4    XL:     5   Next: 38%
Magic:  0/14       EV:  6    Int: 25    God:    Vehumet [......]
Gold:   200        SH:  0    Dex: 13    Spells: 4/14 levels left

rFire   . . .        h - staff of conjuration
rCold   . . .        (no shield)
rNeg    . . .        a - +0 robe
rPois   .            n - +0 helmet
rElec   .            (no cloak)
rCorr   .            (no gloves)
SInv    .            (no boots)
Will    .....        (no amulet)
Stlth   ++           (no ring)
HPRegen 0.24/turn    (no ring)
MPRegen 0.14/turn

%: no passive effects
@: held
A: no striking features
a: Renounce Religion


You were on level 4 of the Dungeon.
You worshipped Vehumet.
Vehumet was noncommittal.
You visited 1 branch of the dungeon, and saw 4 of its levels.

You collected 200 gold pieces.

Inventory:

Armour
 a - a +0 robe (worn)
 n - a +0 helmet (worn)
Magical Staves
 h - a staff of conjuration (weapon)
Scrolls
 c - a scroll of fog {unknown}
 e - a scroll of teleportation
 g - a scroll of enchant weapon
 j - a scroll of fear {unknown}
 k - a scroll of acquirement {unknown}
 l - a scroll of poison {unknown}
 m - a scroll of vulnerability {unknown}
 o - a scroll of enchant armour {unknown}
Potions
 b - 2 potions of magic
 f - 5 potions of lignification
 i - a potion of haste


   Skills:
 - Level 2.4 Dodging
 - Level 2.4 Stealth
 + Level 5.1 Spellcasting
 + Level 5.6 Conjurations
 * Level 1.7 Air Magic
 * Level 1.9 Alchemy


You had 4 spell levels left.
You knew the following spells:

 Your Spells              Type           Power      Damage    Failure   Level
a - Magic Dart            Conj           100%       1d8       1%          1
b - Searing Ray           Conj           100%       2d8       1%          2
c - Mephitic Cloud        Conj/Alch/Air  32%        N/A       7%          3
d - Fulminant Prism       Conj/Alch      18%        3d10      17%         4

Your spell library contained the following spells:

 Spells                   Type           Power      Damage    Failure   Level
 Mercury Vapours          Alch/Air       30%        N/A       6%          2
 Iskenderun's Mystic Bla  Conj/Tloc      30%        2d8       26%         4
 Freezing Cloud           Conj/Ice/Air   13%        6-21      63%         5


Dungeon Overview and Level Annotations

Branches:
Dungeon (4/15)
 Temple: D:4-7

Altars:
Cheibriados
Fedhas
Vehumet

Shops:
D:1 (

Annotations:
D:4 Pikel


Message History

A gnoll comes into view. It is wielding a +0 halberd.
Casting: Searing Ray (safe; 1% risk of failure)
Confirm with . or Enter, or press ? or * to list all spells.
Aiming: Mephitic Cloud (quite dangerous; 7% risk of failure)
Press: ? - help, Shift-Dir - straight line, f - gnoll bouda
Aim: a gnoll bouda, wielding a +0 whip of freezing and wearing a +0 leather armour (chance to affect: 86%)
You feel a surge of power!
The ball explodes into a vile cloud!
The stinking cloud engulfs the gnoll bouda.
The stinking cloud engulfs the gnoll.
The gnoll shouts!
You hear a shout!
The gnoll bouda is engulfed in noxious fumes.
The gnoll bouda appears confused.
The gnoll is engulfed in noxious fumes.
The gnoll appears confused.
The gnoll is engulfed in noxious fumes.
The gnoll appears confused.
Casting: Mephitic Cloud (quite dangerous; 7% risk of failure)
Confirm with . or Enter, or press ? or * to list all spells.
Aiming: Searing Ray (safe; 1% risk of failure)
Press: ? - help, Shift-Dir - straight line, f - gnoll, p - gnoll bouda
Aim: a gnoll, wielding a +0 flail (noxious fumes, covering ground quickly, confused, 96% to hit)
You feel a surge of power!
The searing ray hits the gnoll!
The gnoll is severely wounded. (Press . to maintain the ray.)
The gnoll is engulfed in noxious fumes.
The gnoll appears confused.
The searing ray hits the gnoll!
You kill the gnoll!
Vehumet accepts your kill.
The gnoll bouda is engulfed in noxious fumes.
The gnoll bouda appears confused.
The gnoll hits you from afar with a +0 halberd!
The searing ray hits the gnoll.
The gnoll is moderately wounded.
You finish channelling your searing ray.
The gnoll bouda hits you with a +0 whip of freezing!
* * * LOW HITPOINT WARNING * * *
The gnoll bouda freezes you.
* * * LOW HITPOINT WARNING * * *
The gnoll is engulfed in noxious fumes.
The gnoll appears confused.
The gnoll hits itself with a +0 whip.
The gnoll hits you from afar with a +0 halberd!
You die...

.5#...# #.
.#.....
#.....#
#.#.#......
...#..#
#.#.#......
.#....#
##..........
...#..#
.....§§....
#.....#
#...§g...#
..#...#
#..g.§§..#
#....##
#!.g.....#
.....#
#..@.....#
......
##.......#
####..
#.......#
#.......#
#.......#
........#
........#
.######...


You could see a gnoll bouda (confused) and 2 gnolls.

Vanquished Creatures
  2 lemures
  A howler monkey (D:3)
  A hound (D:4)
  2 gnolls (D:4)
  4 adders (D:3)
  A dart slug (D:2)
  An orc (D:3)
  7 ball pythons
  4 endoplasms
  6 giant cockroaches
  5 goblins
  5 hobgoblins
  4 jackals (D:3)
  A quokka (D:1)
  7 bats
  3 frilled lizards
  4 kobolds
  5 rats
63 creatures vanquished.

Vanquished Creatures (others)
  2 fulminant prisms (D:4)
2 creatures vanquished.

Grand Total: 65 creatures vanquished

Notes
Turn   | Place    | Note
-------+----------+-------------------------------------------
     0 | D:1      | Elsvaer the Deep Elf Conjurer began the quest for the Orb.
     0 | D:1      | Reached XP level 1. HP: 10/10 MP: 6/6
   378 | D:1      | Reached XP level 2. HP: 15/15 MP: 3/8
   381 | D:1      | Learned a level 2 spell: Searing Ray
   495 | D:1      | Found Coawin's Antique Weapon Shop.
  1585 | D:2      | Reached skill level 5 in Conjurations
  1585 | D:2      | Reached XP level 3. HP: 17/19 MP: 6/10
  1710 | D:2      | Found a snail-covered altar of Cheibriados.
  2497 | D:3      | Reached XP level 4. HP: 24/24 MP: 9/12
  2501 | D:3      | Learned a level 3 spell: Mephitic Cloud
  2506 | D:3      | Learned a level 4 spell: Fulminant Prism
  2524 | D:3      | Found a blossoming altar of Fedhas.
  3111 | D:4      | Found a radiant altar of Vehumet.
  3131 | D:4      | Noticed a lemure
  3140 | D:4      | Killed a lemure
  3149 | D:4      | Became a worshipper of Vehumet
  3193 | D:4      | Reached skill level 1 in Air Magic
  3193 | D:4      | Reached skill level 1 in Alchemy
  3375 | D:4      | Noticed a lemure
  3375 | D:4      | Noticed a lemure
  3375 | D:4      | Noticed Pikel
  3389 | D:4      | Noticed a lemure
  3490 | D:3      | Reached skill level 5 in Spellcasting
  3490 | D:3      | Reached XP level 5. HP: 22/28 MP: 8/14
  3491 | D:3      | Killed a lemure
  3612 | D:4      | Slain by a gnoll

Illustrated notes

Levels and vault maps discovered:
D:1:      lightli_arrival_statue_moat, layout_loops_corners, serial_shops, shop,
          chequers_serial_rivers_micro_b, nicolae_hexahallways,
          hangedman_decor_growths, hangedman_decor_clover_reticule,
          chequers_serial_rivers_large_b, st_stairs_2
D:2:      layout_rooms, basic_altar, fountainhead,
          nicolae_concentric_dashed_squares_wild, minmay_misc_feat_room,
          minmay_heptomino_d4
D:3:      layout_loops_ring, amcnicky_altar_gilded
D:4:      minmay_razor_zed, layout_basic, nicolae_vehumet_radiance,
          nzn_hepliaklqana_mist_gate, temple_fountains, chequers_jeans,
          minmay_misc_feat_four_crosses, uniq_sigmund, uniq_pikel

Skill      XL: |  1  2  3  4 |
---------------+-------------+-----
Spellcasting   | 4 5 |  5.1
Conjurations   | 5 |  5.6
Air Magic      | 1 |  1.7
Alchemy        | 1 |  1.9
Dodging        | |  2.4
Stealth        | |  2.4

Action                     |  1- 3 |  4- 6 || total
---------------------------+-------+-------++-------
  Melee: Staff             |     8 |       ||     8
   Cast: Magic Dart        |    91 |    16 ||   107
         Searing Ray       |       |     9 ||     9
         Fulminant Prism   |       |     2 ||     2
         Mephitic Cloud    |       |     2 ||     2
    Use: Scroll            |     2 |     2 ||     4
         Potion            |       |     2 ||     2
 Armour: Robe              |    10 |    15 ||    25
  Dodge: Dodged            |    11 |    11 ||    22
